cohdb
Replays
Latest Replays
All Replays
Popular Replays
Top Player Replays
Match Explorer
How It Works
Community
CoH3 Stats
Reddit
Sign in to upload your games and track your stats! →
Sign in with Steam
Match 42079673
Unlisted
Match 42079673
Overview
Messages
Build Orders
End
Panzergrenadier Squad
Selects Battlefield Espionage Battlegroup
250 Light Carrier
Panzergrenadier Squad
Construct Light Support Kompanie
MG34 Team
Assault Grenadier Squad
Selects Intel Disruption Beacon
Construct Mechanized Kompanie
Fire Support Elements
Selects Transfer Depots
le.IG 18 Mechanized Group
Selects 250/3 Funkpanzerwagen
StuG III D Assault Gun
Combat Half-tracks
Advanced Field Repairs
Assault Mechanized Group
Veteran Squad Leaders
StuG III D Assault Gun
Selects Advanced Ambush Training
WadoVice
Andy Vio 3
0
0
Comments
sign in to comment!
No comments posted yet!